woodfighter, neutral female human Wizard ------ #*....| #)####)#######|....| ----- #------ |.>..| ---------- ##....-#######|....-# #....(| |........| # |...| |....|# #|....| |..----..| ##)#### ### |....#######+*{..|# #------ |@@| |..| -----# ------ # |...|# ---|--# #### |..----..| |...|# --.....###### |...|# [ # # |.........#####-[..|[######|.....| -----# ### # # ---------- |..).[######|.....| # # # -----# |.f.| #..<...| # # # |...|# |...| |....-- # # ######.....# |...| ------ # # # |...| ----- ### # ##....| # ---.- |...| ###|.#.| ----- #....| ----- woodfighter the Magician Experience level: 11 Strength: 25 Dexterity: 15 Constitution: 17 Intelligence: 16 Wisdom: 14 Charisma: 9 Health: 0(66) Energy: 120(130) Def: 8 Gold: 0 Moves: 16955 Dungeon seed: lbELdkfX_rus7FOH Game ID: woodfighter_1454806734 Your Inventory: Amulets p - an uncursed amulet of ESP (being worn) Weapons a - a blessed +1 quarterstaff (weapon in hands) Armor n - an uncursed +0 cloak of magic resistance (being worn) r - an uncursed rusty +0 pair of gauntlets of power (being worn) z - an uncursed +0 pair of elven boots (being worn) N - an uncursed +0 elven leather helm (being worn) Y - a blessed +0 studded leather armor (being worn) Comestibles b - an uncursed tripe ration v - an uncursed candy bar L - an uncursed lizard corpse Tools c - an uncursed skeleton key f - an uncursed magic whistle q - a +0 unicorn horn s - an uncursed bag of holding t - an uncursed towel V - a cursed magic lamp (lit) X - a +0 unicorn horn Gems y - an uncursed luckstone Contents of the bag of holding: 4100 gold pieces an uncursed amulet of flying an uncursed +0 cloak of magic resistance an uncursed +0 leather armor a blessed +0 mummy wrapping a blessed +2 pair of leather gloves an uncursed +0 pair of leather gloves an uncursed +0 pair of water walking boots 4 uncursed C-rations 2 uncursed K-rations 8 uncursed food rations 2 uncursed lizard corpses 11 uncursed lumps of royal jelly 4 cursed sprigs of wolfsbane 3 uncursed tins of spinach 2 uncursed tripe rations a blessed scroll of earth an uncursed scroll of enchant armor an uncursed scroll of fire an uncursed scroll of gold detection a cursed scroll of identify an uncursed scroll of light an uncursed scroll of remove curse an uncursed scroll of stinking cloud 2 uncursed scrolls of teleportation an uncursed scroll of water an uncursed spellbook of blank paper an uncursed spellbook of cure sickness an uncursed spellbook of detect monsters named 1 a cursed spellbook of identify an uncursed potion of blindness an uncursed potion of booze a blessed potion of extra healing an uncursed potion of fruit juice an uncursed potion of healing an uncursed potion of monster detection a cursed potion of monster detection an uncursed potion of oil a blessed potion of polymorph an uncursed potion of sickness a potion of unholy water an uncursed ring of conflict an uncursed ring of free action a cursed ring of slow digestion a cursed ring of stealth a cursed ring of stealth a wand of cold (0:7) a wand of cold (0:7) a cursed wand of magic missile (0:4) a wand of striking (0:6) a +0 pick-axe an uncursed luckstone Spells and supernatural/magical abilities: Name Level Category Fail Memory a - force bolt 1 attack 14% 16% m - magic missile 2 attack 0% 52% n - detect monsters 1 divination 14% 88% r - remove curse 3 clerical 95% 16% z - sleep 1 enchantment 14% 53% W - pray for help -- divine ? -- Your skills at the end: Miscellaneous Skills wands [Basic] Weapon Skills quarterstaff [Basic] Spellcasting Skills attack spells [Expert] enchantment spells [Basic] Final Attributes: You were stridently aligned. You were cold resistant. You were poison resistant. You were magic-protected. You were blinded. You were telepathic. You were stealthy. You were protected. You were fast. You were lucky. You had extra luck. Bad luck did not time out for you. Good luck did not time out for you. You are dead. Vanquished creatures: a baby silver dragon a baby yellow dragon a shopkeeper a golden naga 2 ghosts a queen bee 4 giant mimics an ogre king 2 flesh golems a wumpus a long worm 2 stalkers an air elemental a giant mummy a sergeant a winter wolf 4 small mimics an ettin mummy a wood golem a shocking sphere a tengu a leocrotta a mountain centaur a giant an elf mummy 2 human mummies a wraith a Grey-elf 7 soldiers 2 giant beetles 9 wolves a lynx 4 leprechauns 2 quivering blobs 3 lizards a mumak 4 giant spiders an iron piercer a black light a vampire bat 2 gnome kings 2 dwarf mummies 2 brown puddings a rust monster a yeti a werewolf a dingo a housecat a jaguar 2 dwarf lords a water nymph 2 white unicorns a raven 3 snakes a human zombie 4 Woodland-elves a soldier ant 3 fire ants a quasit 2 baby crocodiles a wood nymph 7 Mordor orcs 2 Uruk-hai 2 rock moles 2 rock piercers a pony a fog cloud 4 yellow lights 17 gnome lords 5 gnomish wizards 2 kobold mummies a red naga hatchling a guardian naga hatchling a gray ooze 5 elf zombies a straw golem 7 giant ants 3 little dogs 6 floating eyes 4 kittens 23 dwarves 2 homunculi a kobold lord 2 kobold shamans 4 iguanas 5 rothes a rabid rat 5 centipedes 4 giant bats 2 monkeys 4 dwarf zombies 4 wererats 2 werejackals 33 killer bees 5 coyotes 3 gas spores 4 hobbits an acid blob 2 large kobolds 8 geckos 2 hobgoblins a giant rat 7 cave spiders a brown mold 4 yellow molds 2 green molds a red mold 61 gnomes 2 gnome zombies 28 jackals 3 foxes 7 kobolds 12 newts 8 goblins 16 sewer rats 10 grid bugs 10 lichens 6 kobold zombies 476 creatures vanquished. Voluntary challenges: You had been an atheist until turn 7179. You used a wielded weapon 142 times, starting on turn 43. You read items or engraved 20 times, starting on turn 7215. You never genocided any monsters. You never polymorphed an object. You never changed form. You completed Sokoban on turn 8844, according to the rules. You used no wishes. You never split a pudding. You never wrote Elbereth's name. You violated your moral code, losing 13 points of alignment, starting on turn 1740. Dungeon overview: The Dungeons of Doom: levels 1 to 19 Level 1 a fountain a long staircase Level 2 a fountain Level 3 a sink Level 4 stairs to The Gnomish Mines Level 5 many fountains Level 6 a sink stairs to Sokoban Level 7 Level 8 a fountain Level 9 a sink Level 10 Level 11 (Quest) Level 12 Level 13 <- You were here a temple to Ptah, a fountain, a sink Level 14 Level 15 (stash) Level 16 a general store Level 17 (stash) Level 18 (Rogue) Level 19 The Gnomish Mines: levels 5 to 12 Level 5 stairs to The Dungeons of Doom Level 6 Level 7 Level 8 many shops, a temple to Ptah, a magic chest, some fountains, some trees Level 9 Level 10 Level 11 Level 12 a magic chest, a fountain Sokoban: levels 2 to 5 Level 2 a magic chest Level 3 Level 4 a fountain Level 5 a magic chest stairs to The Dungeons of Doom History has recorded: On T:1 you entered the Dungeons of Doom to retrieve the Amulet of Yendor! On T:266 you reached level 2 of The Dungeons of Doom. On T:296 you advanced to experience level 2. On T:708 you reached level 3 of The Dungeons of Doom. On T:939 you advanced to experience level 3. On T:1435 you reached level 4 of The Dungeons of Doom. On T:1555 you advanced to experience level 4. On T:1593 you reached level 5 of The Dungeons of Doom. On T:1888 you reached level 1 of The Gnomish Mines. On T:1942 you advanced to experience level 5. On T:2322 you reached level 6 of The Dungeons of Doom. On T:2452 you reached level 7 of The Dungeons of Doom. On T:3460 you advanced to experience level 6. On T:3601 you reached level 4 of Sokoban. On T:3756 you opened a magic chest. On T:3757 you opened a magic chest. On T:3937 you reached level 3 of Sokoban. On T:4756 you reached level 2 of Sokoban. On T:5781 you reached level 3 of The Gnomish Mines. On T:5783 you advanced to experience level 7. On T:5818 you reached level 4 of The Gnomish Mines. On T:5889 you reached level 2 of The Gnomish Mines. On T:7054 you advanced to experience level 8. On T:7169 you entered the Minetown temple On T:7182 you opened a magic chest. On T:7182 you opened a magic chest. On T:7206 you opened a magic chest. On T:7207 you opened a magic chest. On T:7207 you opened a magic chest. On T:7213 you opened a magic chest. On T:7213 you opened a magic chest. On T:7222 you opened a magic chest. On T:7223 you opened a magic chest. On T:7225 you opened a magic chest. On T:7227 you opened a magic chest. On T:7228 you opened a magic chest. On T:7359 you reached level 5 of The Gnomish Mines. On T:7537 you opened a magic chest. On T:7538 you opened a magic chest. On T:8048 you reached level 1 of Sokoban. On T:8844 you advanced to experience level 9. On T:8844 you entered the Sokoban zoo. On T:8928 you opened a magic chest. On T:8929 you opened a magic chest. On T:8930 you opened a magic chest. On T:9288 you opened a magic chest. On T:9298 you opened a magic chest. On T:9425 you opened a magic chest. On T:9426 you opened a magic chest. On T:9521 you reached level 6 of The Gnomish Mines. On T:10288 you reached level 7 of The Gnomish Mines. On T:10414 you reached level 8 of The Gnomish Mines. On T:10414 you reached the bottom of the Mines. On T:10863 you opened a magic chest. On T:11332 you advanced to experience level 10. On T:11381 you opened a magic chest. On T:11382 you opened a magic chest. On T:11382 you opened a magic chest. On T:11390 you opened a magic chest. On T:11865 you opened a magic chest. On T:12008 you reached level 8 of The Dungeons of Doom. On T:12496 you reached level 9 of The Dungeons of Doom. On T:12557 you reached level 10 of The Dungeons of Doom. On T:13061 you reached level 11 of The Dungeons of Doom. On T:13261 you reached level 12 of The Dungeons of Doom. On T:14018 you reached level 13 of The Dungeons of Doom. On T:14242 you reached level 14 of The Dungeons of Doom. On T:14569 you reached level 15 of The Dungeons of Doom. On T:14848 you reached level 16 of The Dungeons of Doom. On T:15182 you reached level 17 of The Dungeons of Doom. On T:16176 you reached level 18 of The Dungeons of Doom. On T:16253 you reached level 19 of The Dungeons of Doom. On T:16680 you advanced to experience level 11. Score breakdown: Gold: 4100 ( 410 points) Experience: 11 levels ( 1000 points) Exploration: 19 levels ( 540 points) Discoveries: 24 items ( 1200 points) Variety of kills: 118 monsters ( 2000 points) Major goal: Sokoban/Mines ( 1500 points) Survival: died (score multiplied by 3) Total score: 19950 Latest messages: You drop 2 cursed wax candles. You sold 2 cursed wax candles for 20 gold pieces. You drop 14 uncursed tallow candles. You sold 14 uncursed tallow candles for 70 gold pieces. You put an uncursed hexagonal wand into the magic chest. You put an uncursed balsa wand into the magic chest. You put an uncursed wand of striking into the magic chest. Your movements are now unencumbered. Your conscience bothers you a little less. The priestess of Ptah gets angry! Ptah's voice booms: "How darest thou harm my servant!" The bolt of lightning hits you! You are blinded by the flash! The bolt of lightning whizzes by you! The bolt of lightning hits the priestess of Ptah. (2x) The magic missile hits the priestess of Ptah! Ptah roars: "Thou dost profane my shrine!" The bolt of lightning hits you! (2x) You die... Final status: Goodbye woodfighter the Wizard, killed by a bolt of lightning... You died in The Dungeons of Doom on dungeon level 13 with 19950 points, and 4100 pieces of gold, after 16955 moves. You were level 11 with a maximum of 66 hit points when you died.